 Dungeon Crawl Stone Soup version 0.20.1-1-g8b1a95d (webtiles) character file.

130 Irenicus the Bolt Thrower (level 4, -1/42 HPs)
             Began as a Deep Dwarf Hunter on Oct 27, 2017.
             Slain by a gnoll
             ... wielding a +0 flail
              (9 damage)
             ... on level 3 of the Dungeon.
             The game lasted 00:07:49 (1599 turns).

Irenicus the Bolt Thrower (Deep Dwarf Hunter)       Turns: 1599, Time: 00:07:49

Health: -1/42      AC:  3    Str: 15    XL:     4   Next: 90%
Magic:  4/4        EV: 12    Int: 12    God:
Gold:   176        SH:  0    Dex: 16    Spells: 3/3 levels left

rFire    . . .     SeeInvis .   b - +0 short sword
rCold    . . .     Gourm    .   (no shield)
rNeg     . . .     Faith    .   c - +0 leather armour
rPois    .         Spirit   .   (no helmet)
rElec    .         Reflect  .   (no cloak)
rCorr    .         Harm     .   (no gloves)
MR       .....                  (no boots)
Stlth    ++........             (no amulet)
Regen    0.0/turn               p - +2 ring of dexterity
MPRegen  0.1/turn               (no ring)

@: non-regenerating
A: damage resistance, heal wounds, sense surroundings 1, no regeneration
a: Heal Wounds


You were on level 3 of the Dungeon.
You were not hungry.

You visited 1 branch of the dungeon, and saw 3 of its levels.

You collected 176 gold pieces.

Inventory:

Hand Weapons
 a - a +1 hand crossbow
 b - a +0 short sword (weapon)
Missiles
 d - a bolt
Armour
 c - a +0 leather armour (worn)
Jewellery
 p - a +2 ring of dexterity (left hand)
Scrolls
 e - 2 scrolls of teleportation
 g - a scroll of magic mapping {unknown}
 h - a scroll of amnesia {unknown}
 i - a scroll of immolation {unknown}
 j - a scroll of identify
 n - a scroll of random uselessness {unknown}
 o - a scroll of recharging {unknown}
 r - a scroll of remove curse {unknown}
 s - a scroll of fog {unknown}
Potions
 q - 2 potions of agility {unknown}
Comestibles
 f - 2 bread rations
 k - 4 fruits
 l - 2 meat rations
 m - 2 royal jellies


   Skills:
 - Level 3.1 Fighting
 + Level 6.1 Crossbows
 - Level 2.1 Dodging
 - Level 1.2 Stealth


You had 3 spell levels left.
You didn't know any spells.

Dungeon Overview and Level Annotations

Branches:
Dungeon (3/15)

Altars:


Innate Abilities, Weirdness & Mutations

You are resistant to damage.
You can heal yourself by infusing magical energy.
You passively map a small area around you.
You do not regenerate.


Message History

You closely miss the gnoll.
The gnoll is heavily wounded.
The gnoll hits you with a flail.
You hit the gnoll.
The gnoll is almost dead.
The gnoll misses you.
You barely miss the gnoll.
The gnoll is almost dead.
The gnoll closely misses you.
You hit the gnoll but do no damage.
The gnoll is almost dead.
The gnoll barely misses you.
You hit the gnoll but do no damage.
The gnoll is almost dead.
The gnoll hits you with a flail.
* * * LOW HITPOINT WARNING * * *
You hit the gnoll but do no damage.
The gnoll is almost dead.
The gnoll hits you with a flail!
You die...

#... #.†. ####... #########
################...... #.......#
#.........##....)##... #.......#
#..............>..†(..
#.......###...........##...##..(
#........##...........#8...8#...
#.<...(...#....@g.....##g..##...
#.......#((...........##...##...
####(#####...>.(......##...##...
#.# ####...........#8...8#...
#.###........########†..#####
#........##.##8###8##...##8##
#.###....##..................
#.# #.................⌠......
####.###....##..................


You could see a gnoll.

Vanquished Creatures
  3 gnolls
  4 adders (D:2)
  An ooze (D:1)
  2 worms (D:2)
  A dart slug (D:1)
  A leopard gecko (D:3)
  4 goblins
  6 hobgoblins
  4 jackals (D:1)
  A quokka (D:3)
  A ball python (D:2)
  12 bats
  4 frilled lizards
  9 kobolds
  3 rats
56 creatures vanquished.

Notes
Turn   | Place    | Note
-------+----------+-------------------------------------------
     0 | D:1      | Irenicus the Deep Dwarf Hunter began the quest for the Orb.
     0 | D:1      | Reached XP level 1. HP: 19/19 MP: 1/1
    52 | D:1      | Reached XP level 2. HP: 26/26 MP: 2/2
   147 | D:1      | Reached skill level 5 in Crossbows
   630 | D:2      | Reached XP level 3. HP: 33/33 MP: 3/3
   977 | D:2      | Reached XP level 4. HP: 34/42 MP: 4/4
  1522 | D:3      | Reached skill level 6 in Crossbows
  1599 | D:3      | Slain by a gnoll

Skill      XL: |  1  2  3  4 |
---------------+-------------+-----
Crossbows      | 5 6 |  6.1
Fighting       | 2 3 |  3.1
Dodging        | |  2.1
Stealth        | |  1.2

Action                   |  1- 3 |  4- 6 || total
-------------------------+-------+-------++-------
Melee: Short sword       |       |    21 ||    21
       Hand crossbow     |       |     2 ||     2
 Fire: Hand crossbow     |    95 |    55 ||   150
  Use: Scroll            |       |     2 ||     2
 Stab: Sleeping          |       |     1 ||     1
  Eat: Chunk             |       |     2 ||     2
Armor: Leather armour    |     7 |    24 ||    31
Dodge: Dodged            |    25 |    52 ||    77
